 Dungeon Crawl Stone Soup version 0.31.0-9-g3a7656b989 (webtiles) character file.

Game seed: 11562234394682445483

4 qw the Shooter (level 1, 0/10 HPs)
             Began as a Spriggan Hunter on Feb 2, 2024.
             Slain by an adder (4 damage)
             ... on level 2 of the Dungeon.
             The game lasted 00:00:00 (83 turns).

qw the Shooter (Spriggan Hunter)                      Turns: 83, Time: 00:00:00

Health: 0/10       AC:  2    Str:  7    XL:     1   Next: 50%
Magic:  2/2        EV: 18    Int: 10    God:
Gold:   9          SH:  0    Dex: 18    Spells: 0/0 levels left

rFire   . . .        a - +0 shortbow
rCold   . . .        (shield currently unavailable)
rNeg    . . .        c - +0 robe
rPois   .            (helmet restricted)
rElec   .            (no cloak)
rCorr   .            (gloves unavailable)
SInv    +            (boots unavailable)
Will    .....        (no amulet)
Stlth   ++           (no ring)
HPRegen 0.21/turn    (no ring)
MPRegen 0.08/turn

%: no passive effects
@: lethally poisoned (0 -> -3), very quick
A: very small, no large weapons, unfitting armour, see invisible, speed 3
a: no special abilities


You were on level 2 of the Dungeon.
You visited 1 branch of the dungeon, and saw 2 of its levels.

You collected 9 gold pieces.


Innate Abilities, Weirdness & Mutations

You are very small and have problems with some larger weapons.
You are too small for most types of armour.
You have supernaturally acute eyesight. (SInv)
You cover ground extremely quickly. (Speed+++)


   Skills:
 - Level 1.5 Fighting
 - Level 4.0 Ranged Weapons
 + Level 3.2 Dodging
 - Level 1.5 Stealth


You couldn't memorise any spells.
You didn't know any spells.
Your spell library was empty.

Inventory:

Hand Weapons
 a - a +0 shortbow (weapon)
Armour
 c - a +0 robe (worn)
Scrolls
 b - a scroll of butterflies
 d - a scroll of revelation {unknown}

Dungeon Overview and Level Annotations

Branches:
Dungeon (1/15)

Altars:


Message History

Enter note: You shoot an arrow.
The arrow hits the dart slug.
The dart slug is severely wounded.
The dart slug launches a dart at you. The slug dart hits you.
Ouch! That really hurt!
You shoot an arrow. The arrow hits the dart slug.
The dart slug is almost dead.
The dart slug launches a dart at you. The slug dart misses you.
You shoot an arrow. The arrow hits the dart slug!
You kill the dart slug!
Your Dodging skill increases to level 3!
You start resting.
HP restored.
You now have 9 gold pieces.
Found a stone staircase leading down.
A ball python comes into view.
You shoot an arrow. The arrow hits the ball python.
You kill the ball python!
A malevolent force fills the Dungeon...
You fall into a shaft and drop 1 floor!
The shaft crumbles and collapses.
d - a scroll labelled WUOCVE HOTOUWK Waypoint 1 assigned to D:2.
An adder comes into view.
You shoot an arrow. The arrow hits the adder.
The adder is lightly wounded.
You shoot an arrow. The arrow hits the adder!
The adder is severely wounded.
You shoot an arrow. The arrow closely misses the adder.
The adder bites you.
You shoot an arrow.
The arrow hits the adder but does no damage.
The adder is severely wounded.
The adder bites you.
You are poisoned.
The adder poisons you!
You shoot an arrow. The arrow closely misses the adder.
You feel sick. The adder barely misses you. The adder bites you.
You die...

.##+# #
....... #.
#....... #.
#.......
#.###.......
#?.........
#..S.......
#..@..#
#.....#
#.....#
.....#####
#.### #


You could see an adder.

Vanquished Creatures
  A dart slug (D:1)
  A ball python (D:1)
2 creatures vanquished.

Notes
Turn   | Place    | Note
-------+----------+-------------------------------------------
     0 | D:1      | qw the Spriggan Hunter began the quest for the Orb.
     0 | D:1      | Reached XP level 1. HP: 10/10 MP: 2/2
     0 | D:1      | 0 ||| qw: Version: 0.3-a-155-g5e7d8dd
     0 | D:1      | 0 ||| qw: Game counter: 658
     0 | D:1      | 0 ||| qw: Melee chars always use a shield: true
     0 | D:1      | 0 ||| qw: God list: Okawaru
     0 | D:1      | 0 ||| qw: Allow faded altars: false
     0 | D:1      | 0 ||| qw: Do Orc after clearing Dungeon:15 true
     0 | D:1      | 0 ||| qw: Do second Lair branch before Depths: true
     0 | D:1      | 0 ||| qw: Lair rune preference: random
     0 | D:1      | 0 ||| qw: Goals: Normal
     0 | D:1      | 0 ||| PLANNING D:1-11
    29 | D:1      | Reached skill level 3 in Dodging
    74 | D:1      | You fall into a shaft and drop 1 floor!
    83 | D:2      | Slain by an adder

Levels and vault maps discovered:
D:1:      nzn_arrival_water_spiral, layout_basic,
          hellmonk_ecumenical_altar_lost_god
D:2:      layout_basic, basic_altar

Skill      XL: |  1 |
---------------+----+-----
Dodging        | 3 |  3.2
Fighting       | |  1.5
Ranged Weapons | |  4.0
Stealth        | |  1.5

Action                     || total
---------------------------++-------
   Fire: Shortbow          ||     9
 Armour: Robe              ||     4
  Dodge: Dodged            ||     2

Table legend:
 A = Non-vault XP
 B = Vault XP
 C = Vault XP percentage of total XP
 D = Non-vault monster count
 E = Vault monster count
 F = Vault count percentage of total count
                 A         B        C        D         E       F
            +---------+---------+-------+---------+---------+-------
      Total |       6 |       0 |   0.0 |       2 |       0 |   0.0
            +---------+---------+-------+---------+---------+-------
        D:1 |       6 |       0 |   0.0 |       2 |       0 |   0.0
            +---------+---------+-------+---------+---------+-------
